 Dungeon Crawl Stone Soup version 0.27.1 (webtiles) character file.

Game seed: 7150231956737829253

18697 Tinkle the Cleaver (level 12, -3/110 (113) HPs)
             Began as a Minotaur Berserker on Aug 31, 2021.
             Was a High Priest of Trog.
             Slain by an unseen horror (7 damage)
             ... on level 2 of the Abyss.
             The game lasted 01:03:52 (13811 turns).

Tinkle the Cleaver (Minotaur Berserker)            Turns: 13811, Time: 01:03:52

HP:   -3/110 (113)  AC: 18    Str: 32      XL:     12   Next: 30%
MP:   11/11         EV: 23    Int:  1 (4)  God:    Trog [*****.]
Gold: 656           SH: 13    Dex: 11      Spells: 11/11 levels left

rFire    . . .     SeeInvis .   g - +3 hand axe (freeze)
rCold    . . .     Faith    .   s - +0 kite shield
rNeg     . . .     Spirit   .   n - +0 plate armour
rPois    .         Reflect  .   (helmet restricted)
rElec    .         Harm     .   q - +0 cloak
rCorr    +         Rampage  .   c - +2 pair of gloves
Will     .....                  (no boots)
Stlth    ..........             a - amulet of the acrobat
HPRegen  0.28/turn              d - ring of resist corrosion
MPRegen  0.12/turn              m - +6 ring of strength

@: acrobatic, lightly drained
A: horns 2, retaliatory headbutt
a: Renounce Religion, Berserk, Trog's Hand, Brothers in Arms


You were on level 2 of the Abyss.
You worshipped Trog.
Trog was extremely pleased with you.
You visited 1 branch of the dungeon, and saw 11 of its levels.
You visited the Abyss 2 times.
You also visited: Sewer.

You collected 656 gold pieces.

Inventory:

Hand Weapons
 f - a +1 vampiric hand axe
 g - a +3 hand axe of freezing (weapon)
 z - a +3 broad axe
Missiles
 j - 13 poisoned darts (quivered)
 t - a curare-tipped dart
 y - 4 throwing nets
Armour
 c - a +2 pair of gloves (worn)
 n - a +0 plate armour (worn)
 p - the +1 scale mail "Zonecw" {rElec Str+3}
   (You found it on level 9 of the Dungeon)

   Str:       It affects your strength (+3).
   rElec:     It insulates you from electricity.
 q - a +0 cloak (worn)
 s - a +0 kite shield (worn)
 A - +0 steam dragon scales
 C - a +0 tower shield
Jewellery
 a - an amulet of the acrobat (around neck)
 d - a ring of resist corrosion (left hand)
 h - an amulet of guardian spirit
 k - a ring of fire
 m - a +6 ring of strength (right hand)
 x - a ring of fire
Wands
 r - a wand of polymorph (13)
 u - a wand of paralysis (6)
 w - a wand of acid (11)
 B - a wand of mindburst (21)
 D - a wand of flame (17)
Scrolls
 l - a scroll of enchant armour
 v - 2 scrolls of identify
 E - 2 scrolls of magic mapping
Potions
 b - 5 potions of flight
 e - 2 potions of curing
 i - 2 potions of haste
 o - a potion of mutation
 F - 2 potions of berserk rage


   Skills:
 - Level 12.4 Fighting
 + Level 14.9 Axes
 - Level 8.2 Armour
 - Level 2.1 Dodging
 + Level 10.6 Shields
 - Level 5.0 Evocations


You had 11 spell levels left.
You didn't know any spells.
Your spell library was empty.

Dungeon Overview and Level Annotations

Branches:
Dungeon (11/15)            Temple (0/1) D:5            Lair (0/6) D:11
    Orc (0/2) D:9           Sewer (visited)

Altars:
Gozag

Annotations:
D:11 Sonja


Innate Abilities, Weirdness & Mutations

You have a pair of horns on your head.
You reflexively headbutt those who attack you in melee.


Message History

You slash the ufetubus! You freeze the ufetubus.
You kill the ufetubus!
You slash the ufetubus! You freeze the ufetubus.
You kill the ufetubus!
The spatial maelstrom hits you!
* * * LOW HITPOINT WARNING * * *
You blink.
Your large abomination barely misses the spatial vortex.
Huge Dmg: -10%(-11hp) hp: 6%(6hp)
You feel better.
Your worldbinder calls forth creatures from the Lair of Beasts!
The spatial maelstrom completely misses you.
You block the spatial maelstrom's attack.
A spatial maelstrom comes into view.
Your worldbinder calls forth creatures from the Lair of Beasts!
A spatial vortex comes into view.
A spatial vortex comes into view.
The spatial maelstrom misses you.
You block the spatial maelstrom's attack.
The spatial maelstrom completely misses you.
The spatial maelstrom closely misses you.
The spatial maelstrom hits you but does no damage.
You block the spatial maelstrom's attack.
A spatial vortex comes into view.
Your worldbinder calls forth creatures from the Lair of Beasts!
Your blink frog disappears in a puff of smoke!
You block the spatial maelstrom's attack.
The spatial maelstrom hits you!
* * * LOW HITPOINT WARNING * * *
You blink.
Your blink frog hits the spatial maelstrom!
Your blink frog blinks!
A worldbinder comes into view.
Huge Dmg: -12%(-13hp) hp: 3%(3hp)
The spatial maelstrom completely misses you. x2
The spatial maelstrom closely misses you.
You furiously retaliate!
You headbutt the spatial maelstrom. The spatial maelstrom misses you.
Something hits you!
You die...

. ##.#####..##≈≈ ≈ ..
##...##..x.. ≈≈≈≈
...#.....#.F..♣≈≈≈ ≈♣
..........##vF≈≈≈♣≈≈≈
........§F#...≈≈e≈≈≈≈
........Y.....≈≈≈≈≈≈
........vx...≈≈≈x≈≈≈♣
.......{.v##.≈≈≈≈≈≈≈≈
#.......{@##≈≈≈≈≈≈≈≈
#.......#...≈≈≈≈≈≈≈≈
...........≈≈≈≈≈≈≈≈
..........#≈≈♣≈≈≈≈≈≈
.........v#≈≈≈≈≈≈≈≈
.........≈≈≈≈≈
........≈ ≈≈≈≈≈
.......≈ ≈≈♣♣≈


You could see 2 spatial maelstroms, 2 spatial vortices, a friendly worldbinder
(summoned), a friendly cane toad (summoned), a friendly blink frog (summoned)
and a friendly dream sheep (summoned).

Vanquished Creatures
  Erolcha (D:9)
  Erica (D:8)
  5 two-headed ogres
  Nergalle (D:10)
  Pikel (D:6)
  3 cyclopes
  Maggie (D:6)
  2 kobold demonologists
  A komodo dragon (D:11)
  An unseen horror (D:10)
  A polar bear (D:10)
  Grinder (D:4)
  A hornet (D:7)
  A raiju (Abyss:1)
  A meliai zombie (D:10)
  3 wyverns
  A hog (D:10)
  Eustachio (D:5)
  21 yaks
  A steam dragon (D:7)
  3 basilisks (D:11)
  A large abomination (D:9)
  2 water moccasins (D:11)
  3 orc warriors
  An ice beast (D:6)
  2 sky beasts (D:6)
  5 black bears
  2 ogres
  2 wolves (D:11)
  7 centaurs
  A lemure (D:6)
  2 kobold brigands
  A scorpion (D:7)
  2 gnoll sergeants
  A water moccasin zombie (D:5)
  3 howler monkeys
  2 bullfrog zombies (D:5)
  7 centaur zombies
  A jelly (D:7)
  2 hounds (D:6)
  Crazy Yiuf (D:2)
  4 bullfrog skeletons
  A gnoll shaman (D:8)
  5 orc priests
  A centaur skeleton (D:5)
  4 iguanas
  10 orc wizards
  A killer bee zombie (D:8)
  A howler monkey zombie (D:9)
  Robin (D:2)
  15 gnolls
  2 howler monkey skeletons
  11 adders
  A river rat (Sewer)
  2 shadow imps
  2 white imps
  2 ufetubi
  2 worms
  51 orcs
  9 ball pythons
  5 bats
  6 endoplasms
  3 giant cockroaches (D:5)
  12 goblins
  3 hobgoblins
  9 jackals
  18 kobolds
  7 quokkas
  A frilled lizard (D:3)
  4 rats (Sewer)
293 creatures vanquished.

Vanquished Creatures (collateral kills)
  A komodo dragon (D:10)
  5 polar bears (D:10)
  A troll (D:10)
  2 dream sheep (D:10)
  A yak (D:10)
  4 black bears (D:10)
  A wolf (D:10)
  4 hounds (D:10)
19 creatures vanquished.

Vanquished Creatures (others)
  2 bushes (D:11)
  2 fungi (D:11)
  11 plants (D:11)
  6 starspawn tentacles
21 creatures vanquished.

Grand Total: 333 creatures vanquished

Notes
Turn   | Place    | Note
-------+----------+-------------------------------------------
     0 | D:1      | Tinkle the Minotaur Berserker began the quest for the Orb.
     0 | D:1      | Reached XP level 1. HP: 19/19 MP: 0/0
   244 | D:1      | Reached skill level 4 in Axes
   262 | D:1      | Reached XP level 2. HP: 26/27 MP: 1/1
   295 | D:1      | Found a faded altar of an unknown god.
   784 | D:2      | Noticed Robin
   926 | D:2      | Reached XP level 3. HP: 33/33 MP: 2/2
   931 | D:2      | Killed Robin
   937 | D:2      | Reached skill level 5 in Axes
   940 | D:2      | Huge Dmg: 17 dmg
   943 | D:2      | Reached ** piety under Trog
   964 | D:2      | Reached XP level 4. HP: 29/41 MP: 3/3
  1465 | D:2      | Found a runed translucent door.
  1466 | D:2      | Noticed Crazy Yiuf
  1472 | D:2      | Killed Crazy Yiuf
  1478 | D:2      | Huge Dmg: 17 dmg
  1605 | D:2      | Found an opulent altar of Gozag.
  1753 | D:3      | Huge Dmg: 8 dmg
  1876 | D:3      | Reached skill level 6 in Axes
  1970 | D:3      | Reached skill level 5 in Fighting
  1970 | D:3      | Reached XP level 5. HP: 43/48 MP: 4/4
  1981 | D:3      | Reached *** piety under Trog
  2153 | D:3      | Found an opulent altar of Gozag.
  2686 | D:4      | Noticed Grinder
  2726 | D:5      | Entered Level 5 of the Dungeon
  2742 | D:5      | Reached skill level 7 in Axes
  2742 | D:5      | Reached XP level 6. HP: 42/56 MP: 3/5
  2751 | D:5      | Huge Dmg: 11 dmg
  2882 | D:5      | Noticed a kobold demonologist
  2903 | D:5      | Killed a kobold demonologist
  2904 | D:5      | Reached skill level 8 in Axes
  2904 | D:5      | Reached XP level 7. HP: 63/63 MP: 6/6
  2907 | D:5      | Huge Dmg: 31 dmg
  3102 | D:5      | Noticed Eustachio
  3112 | D:5      | Killed Eustachio
  3117 | D:5      | Huge Dmg: 30 dmg
  3135 | D:5      | Huge Dmg: 11 dmg
  3136 | D:5      | Reached skill level 9 in Axes
  3296 | D:5      | Found a glowing drain.
  3312 | Sewer    | Entered a sewer
  3403 | Sewer    | Reached **** piety under Trog
  3568 | Sewer    | Found a white marble altar of Elyvilon.
  3873 | D:5      | Reached XP level 8. HP: 64/73 MP: 5/7
  4040 | D:5      | Found a staircase to the Ecumenical Temple.
  4239 | D:5      | Reached skill level 10 in Axes
  4853 | D:4      | Killed Grinder
  5002 | D:6      | Reached skill level 11 in Axes
  5117 | D:6      | Noticed Pikel
  5139 | D:6      | Killed Pikel
  5140 | D:6      | Reached XP level 9. HP: 83/83 MP: 5/8
  5144 | D:6      | Huge Dmg: 28 dmg
  5382 | D:6      | Noticed a cyclops
  5387 | D:6      | Huge Dmg: 20 dmg
  5390 | D:6      | Killed a cyclops
  5391 | D:6      | Reached skill level 12 in Axes
  5797 | D:6      | Noticed Maggie
  5826 | D:6      | Killed Maggie
  5827 | D:6      | Reached skill level 13 in Axes
  5995 | D:6      | Reached skill level 10 in Fighting
  6222 | D:6      | Reached skill level 1 in Shields
  6557 | D:7      | Huge Dmg: 20 dmg
  6567 | D:7      | Huge Dmg: 29 dmg
  7079 | D:7      | Noticed a two-headed ogre
  7096 | D:7      | Killed a two-headed ogre
  7097 | D:7      | Reached skill level 14 in Axes
  7097 | D:7      | Reached XP level 10. HP: 82/93 MP: 5/9
  7166 | D:7      | Reached skill level 1 in Evocations
  7303 | D:7      | Reached ***** piety under Trog
  8119 | D:7      | Huge Dmg: 41 dmg
  8493 | D:7      | Huge Dmg: 43 dmg
  8669 | D:8      | You fall into a shaft and drop 2 floors!
  8669 | D:10     | Entered Level 10 of the Dungeon
  8669 | D:10     | Found a huge runed translucent gate.
  8669 | D:10     | Found a huge runed translucent gate.
  8669 | D:10     | Found a huge runed translucent gate.
  8669 | D:10     | Found a huge runed translucent gate.
  8680 | D:10     | Reached skill level 5 in Armour
  8744 | D:10     | Reached XP level 11. HP: 89/102 MP: 10/10
  9082 | D:10     | Noticed Nergalle
  9105 | D:10     | Killed Nergalle
  9111 | D:10     | Huge Dmg: 46 dmg
  9787 | D:9      | Found a staircase to the Orcish Mines.
  9819 | D:9      | Noticed Erolcha
  9819 | D:9      | Cast into level 1 of the Abyss (Erolcha)
  9897 | Abyss:1  | Reached skill level 5 in Evocations
  9950 | Abyss:1  | Noticed a thrashing horror
  9962 | Abyss:1  | Noticed a tentacled starspawn
  9962 | Abyss:1  | Noticed an eidolon
  9964 | Abyss:1  | Huge Dmg: 20 dmg
  9966 | D:9      | Escaped the Abyss
  9967 | D:9      | Huge Dmg: 20 dmg
  9973 | D:9      | Killed Erolcha
  9978 | D:9      | Huge Dmg: 28 dmg
  9982 | D:9      | Huge Dmg: 26 dmg
  9984 | D:9      | Huge Dmg: 6 dmg
 10340 | D:9      | Identified the +1 scale mail "Zonecw" {rElec Str+3}
 10434 | D:9      | Noticed a two-headed ogre
 10454 | D:9      | Killed a two-headed ogre
 11261 | D:8      | Noticed a two-headed ogre
 11271 | D:8      | Killed a two-headed ogre
 11272 | D:8      | Reached skill level 5 in Shields
 11349 | D:8      | Noticed Erica
 11359 | D:8      | Killed Erica
 11901 | D:9      | Noticed a two-headed ogre
 11912 | D:9      | Killed a two-headed ogre
 12267 | D:10     | Received a gift from Trog
 13147 | D:11     | Reached XP level 12. HP: 113/113 MP: 11/11
 13219 | D:11     | Noticed a two-headed ogre
 13225 | D:11     | Huge Dmg: 26 dmg
 13226 | D:11     | Killed a two-headed ogre
 13227 | D:11     | Reached skill level 10 in Shields
 13522 | D:11     | Found a staircase to the Lair.
 13645 | D:11     | Identified the +4 flail "Sibef" {vorpal, rF+ Will+ MP+9
                  | Dex+2}
 13666 | D:11     | Noticed Sonja
 13668 | D:11     | Cast into level 2 of the Abyss (Sonja)
 13690 | Abyss:2  | Found a stormy altar of Qazlal.
 13708 | Abyss:2  | Noticed a vampire mage
 13745 | Abyss:2  | Noticed a tentacled starspawn
 13750 | Abyss:2  | Found a corrupted altar of Lugonu.
 13781 | Abyss:2  | Noticed a tentacled starspawn
 13783 | Abyss:2  | Huge Dmg: 13 dmg
 13794 | Abyss:2  | Huge Dmg: 9 dmg
 13795 | Abyss:2  | Huge Dmg: 15 dmg
 13797 | Abyss:2  | Huge Dmg: 11 dmg
 13809 | Abyss:2  | HP: 3/110 [spatial maelstrom (13)]
 13810 | Abyss:2  | Huge Dmg: 13 dmg
 13811 | Abyss:2  | Slain by an unseen horror

Illustrated notes

Levels and vault maps discovered:
D:1:      onia_arrival_mini_spirals, layout_basic,
          ebering_ecumenical_altar_petrified
D:2:      layout_rooms, basic_altar, st_stairs_4, uniq_robin,
          uniq_crazy_yiuf_cottage
D:3:      layout_loops_ring, general_overflow_altar, due_unseen_surprise
D:4:      layout_cave_pools, kennysheep_another_room,
          kennysheep_generic_room_13, uniq_grinder
D:5:      layout_loops_ring, temple_doors_cd, gup_sewer_entry_pipe,
          uniq_eustachio
D:6:      layout_loops_ring, chequers_decorated_corner, grunt_ministairs_5,
          uniq_maggie, uniq_pikel
D:7:      layout_basic
D:8:      layout_basic, nrook_uturn, uniq_erica
D:9:      layout_long_grid, hiddenorc1_lemuel, uniq_erolcha
D:10:     lemuel_bear_cage, layout_basic, uniq_nergalle
D:11:     layout_rooms, minmay_lair_entry_grove, chequers_serial_rivers_micro_b,
          trog_ov_bears_minmay, uniq_fannar, uniq_sonja
Abyss:2:  base: D:7, minivault_26, hangedman_abyss_sting, lemuel_flamethrower_2

Skill      XL: |  1  2  3  4  5  6  7  8  9 10 11 12 |
---------------+-------------------------------------+-----
Axes           | 4 5 6 7 8 9 11 14 | 14.9
Fighting       | 4 5 6 7 9 10 11 12 | 12.4
Shields        | 4 9 10 | 10.6
Armour         | 6 8 |  8.2
Evocations     | 4 5 |  5.0
Dodging        | |  2.1

Action                   |  1- 3 |  4- 6 |  7- 9 | 10-12 || total
-------------------------+-------+-------+-------+-------++-------
Melee: Hand axe          |    54 |    96 |   367 |   458 ||   975
       Headbutt          |     7 |    12 |    70 |   118 ||   207
Throw: Dart              |       |       |    12 |    36 ||    48
Invok: Berserk           |     1 |     2 |     3 |     3 ||     9
       Trog's Hand       |       |       |     3 |     5 ||     8
  Use: Scroll            |       |     1 |     8 |    15 ||    24
       Potion            |       |       |     1 |     6 ||     7
Armor: Scale mail        |    54 |    43 |    70 |       ||   167
       Animal skin       |     2 |       |       |       ||     2
       Chain mail        |       |       |    58 |    78 ||   136
       Plate armour      |       |       |       |   112 ||   112
Dodge: Dodged            |    41 |    40 |   110 |   224 ||   415
Block: Buckler           |       |       |    11 |    39 ||    50
       Kite shield       |       |       |       |   189 ||   189
